 Dungeon Crawl Stone Soup version bcrawl-1.40.3b (webtiles) character file.

Game seed: 7960722734618851877

190050 adamskissue the Shooter (level 7, -1/59 HPs)
             Began as a Minotaur Hunter on Mar 19, 2024.
             Was an Initiate of Gozag.
             Succumbed to a hornet's poison
             ... on level 6 of the Dungeon.
             The game lasted 00:25:08 (3780 turns).

adamskissue the Shooter (Minotaur Hunter)           Turns: 3780, Time: 00:25:09

Health: -1/59      AC:  3    Str: 17    XL:     7   Next: 0%
Magic:  6/6        EV: 12    Int:  9    God:    Gozag
Gold:   430        SH:  0    Dex: 11    Spells: 6/6 levels left

rFire    . . .     GDR:     26% a - +2 shortbow
rCold    . . .     SeeInvis .   (shield currently unavailable)
rNeg     . . .     Gourm    .   l - +0 leather armour (curse)
rPois    .         Faith    .   (helmet restricted)
rElec    .         Spirit   .   (no cloak)
rCorr    .         Reflect  .   (no gloves)
MR       .....                  (no boots)
Stlth    +.........             (no amulet)
HPRegen  0.19/turn              (no ring)
MPRegen  0.10/turn              (no ring)

@: lethally poisoned (-1 -> -38), gold aura
A: retaliatory headbutt, horns 2
a: Potion Petition, Call Merchant, Bribe Branch, Renounce Religion


You were on level 6 of the Dungeon.
You worshipped Gozag.
Gozag was aware of your devotion.
You were near starving.

You visited 1 branch of the dungeon, and saw 6 of its levels.

You collected 464 gold pieces.
You paid 34 gold pieces to Gozag.

Inventory:

Hand Weapons
 a - a +2 shortbow (weapon)
 b - a +0 short sword
 f - a +0 club
 k - a +0 hand axe
Missiles
 d - 671 arrows (quivered)
 m - 38 curare-tipped needles
 r - 212 bolts
 w - 292 stones
Armour
 c - a +0 leather armour
 l - a cursed +0 leather armour (worn)
 q - a +0 robe
 s - a +0 ring mail
 v - a +0 leather armour
Wands
 x - a wand of disintegration (9)
Scrolls
 h - 4 scrolls of teleportation
 i - a scroll of identify
 j - 2 scrolls of immolation {unknown}
 n - a scroll of remove curse {unknown}
 o - a scroll of revelation {unknown}
 t - a scroll of enchant armour {unknown}
 u - a scroll of blinking {unknown}
Potions
 g - a potion of magic {unknown}
 p - 3 potions of agility {unknown}
Comestibles
 e - 6 rations {!d}


   Skills:
 + Level 4.1 Fighting
 + Level 7.4 Bows
 + Level 3.8 Armour
 + Level 3.0 Dodging
 + Level 1.2 Stealth


You had 6 spell levels left.
You didn't know any spells.
Your spell library contained the following spells:

 Spells                   Type           Power        Failure   Level  Hunger
 Infusion                 Chrm           #.......     43%         1    None
 Song of Slaying          Chrm           #.......     58%         2    ####...
 Swiftness                Chrm/Air       #.......     58%         2    ####...
 Ozocubu's Armour         Chrm/Ice       #.......     82%         3    #####..
 Regeneration             Chrm/Necr      #.........   82%         3    #####..
 Spectral Weapon          Hex/Chrm       #.......     82%         3    #####..


Dungeon Overview and Level Annotations

Branches:
Dungeon (6/12)
 Temple: D:4-7

Altars:
Ashenzari
Gozag
Hepliaklqana
Lugonu
Okawaru

Annotations:
D:6 1 transporter, yrara's ghost, novice DsFi


Innate Abilities, Weirdness & Mutations

You reflexively headbutt those who attack you in melee.
You have a pair of horns on your head.


Message History

There are monsters nearby!
There are monsters nearby!
There are monsters nearby!
There are monsters nearby!
There are monsters nearby!
There are monsters nearby!
There are monsters nearby!
There are monsters nearby!
You feel sick.
The killer bee is no longer distracted by gold.
The killer bee stings you!
* * * LOW HITPOINT WARNING * * *
You are more poisoned.
The killer bee poisons you! The hornet stings you!
* * * LOW HITPOINT WARNING * * *
You are more poisoned.
You feel yourself slow down.
You feel yourself speed up.
You die...
Your body crumbles into a pile of gold.

#.#.........#......#
#.#.........#......#
#..<#'#####.#......###
#........>.......)....
####.[.......#.#......###
#.......©.......#......#
..#############........##.
#.$yy.#####..........
#.W.#Wy@#.#.###..######.
#..#..###..#yy##..# ## #.#
#(..###..# ## # #####...#
# #.# y.#.#.###.##
..#..###..#..##.#
...#...#..y###.#
#?$©yy#####..#
.#############..##


You could see a hornet, 2 killer bees and yrara's ghost.

Vanquished Creatures
  A sky beast (D:5)
  A water moccasin zombie (D:5)
  2 killer bees (D:6)
  2 crimson imps
  A jelly (D:5)
  2 worker ants
  A hound zombie (D:5)
  A howler monkey zombie (D:5)
  A gnoll (D:3)
  4 adders
  3 worms (D:2)
  A dart slug (D:1)
  6 leopard geckos
  An orc (D:6)
  3 giant cockroaches (D:1)
  3 goblins
  8 hobgoblins
  A kobold (D:3)
  6 bats
  8 frilled lizards
  4 rats
60 creatures vanquished.

Notes
Turn   | Place    | Note
-------+----------+-------------------------------------------
     0 | D:1      | adamskissue the Minotaur Hunter began the quest for the
                  | Orb.
     0 | D:1      | Reached XP level 1. HP: 18/18 MP: 0/0
    89 | D:1      | Reached XP level 2. HP: 12/25 MP: 1/1
   554 | D:2      | Reached skill level 5 in Bows
   554 | D:2      | Reached XP level 3. HP: 30/30 MP: 2/2
   605 | D:2      | Found an opulent altar of Gozag.
   622 | D:2      | Became a worshipper of Gozag Ym Sagoz the Greedy
   770 | D:2      | Reached skill level 1 in Armour
  2515 | D:3      | Reached XP level 4. HP: 27/38 MP: 3/3
  2609 | D:3      | Reached skill level 1 in Stealth
  2758 | D:3      | Reached skill level 6 in Bows
  2758 | D:3      | Reached XP level 5. HP: 33/45 MP: 4/4
  2788 | D:4      | Found a corrupted altar of Lugonu.
  2816 | D:5      | Entered Level 5 of the Dungeon
  2816 | D:5      | Found a hazy altar of Hepliaklqana.
  3012 | D:5      | Noticed a sky beast
  3024 | D:5      | Killed a sky beast
  3025 | D:5      | Reached XP level 6. HP: 46/52 MP: 5/5
  3033 | D:5      | Found a shattered altar of Ashenzari.
  3250 | D:5      | Reached skill level 7 in Bows
  3255 | D:5      | Found an iron altar of Okawaru.
  3653 | D:6      | Noticed yrara's ghost (novice DsFi)
  3751 | D:6      | Found a transporter.
  3752 | D:6      | Noticed a water elemental
  3756 | D:6      | Found a transporter.
  3760 | D:6      | Noticed a hornet
  3777 | D:6      | Reached XP level 7. HP: 27/59 MP: 6/6
  3780 | D:6      | Succumbed to a hornet's poison

Skill      XL: |  1  2  3  4  5  6 |
---------------+-------------------+-----
Bows           | 5 6 7 |  7.4
Armour         | 1 3 |  3.8
Fighting       | 3 4 |  4.1
Stealth        | 1 |  1.2
Dodging        | 3 |  3.0

Action                   |  1- 3 |  4- 6 |  7- 9 || total
-------------------------+-------+-------+-------++-------
Melee: Shortbow          |     6 |     3 |       ||     9
       Headbutt          |     2 |       |       ||     2
       Short sword       |     5 |       |       ||     5
 Fire: Shortbow          |    95 |    72 |       ||   167
  Use: Scroll            |     1 |       |       ||     1
  Eat: Ration            |     2 |     1 |       ||     3
Armor: Leather armour    |    13 |    12 |       ||    25
Dodge: Dodged            |    51 |    33 |     3 ||    87
